 Dungeon Crawl Stone Soup version 0.24-a0-415-g6d73c25c48 (webtiles) character file.

Game seed: 15225193861829475900

82 ohad the Insei (level 4, -5/29 HPs)
             Began as an Octopode Transmuter on June 7, 2019.
             Killed from afar by an orc wizard (6 damage)
             ... with a puff of frost
             ... on level 2 of the Dungeon.
             The game lasted 00:03:59 (1931 turns).

ohad the Insei (Octopode Transmuter)                Turns: 1931, Time: 00:03:59

Health: -5/29      AC:  1    Str:  9    XL:     4   Next: 43%
Magic:  6/7        EV: 13    Int: 16    God:
Gold:   58         SH:  0    Dex: 12    Spells: 1/7 levels left

rFire    . . .     SeeInvis .     - Unarmed
rCold    . . .     Gourm    .   (no shield)
rNeg     . . .     Faith    .   (helmet restricted)
rPois    .         Spirit   .   (no amulet)
rElec    .         Reflect  .   (no ring)
rCorr    .         Harm     .   (no ring)
MR       .....                  (no ring)
Stlth    ++........             (no ring)
HPRegen  0.09/turn              (no ring)
MPRegen  0.10/turn              (no ring)
                                (no ring)
                                (no ring)

@: appendage (expiring)
A: almost no armour, stealthy swim, amphibious, 8 rings, constrict 8, tentacle
spike 3, camouflage 1, gelatinous body 1
a: End Transformation


You were on level 2 of the Dungeon.
You were not hungry.
One of your tentacles had a temporary spike.
You visited 1 branch of the dungeon, and saw 3 of its levels.

You collected 58 gold pieces.

Inventory:

Hand Weapons
 i - a +0 short sword of venom
Missiles
 a - 12 arrows
 d - 5 javelins (quivered)
 m - 13 poisoned darts
Scrolls
 e - 3 scrolls of identify {unknown}
 h - a scroll of magic mapping {unknown}
 j - a scroll of blinking {unknown}
 k - a scroll of noise {unknown}
 n - 2 scrolls of amnesia {unknown}
 o - a scroll of immolation {unknown}
Potions
 b - a potion of agility {unknown}
 f - a potion of flight {unknown}
 g - 3 potions of curing {unknown}
 l - a potion of haste {unknown}
Comestibles
 c - 6 rations


   Skills:
 * Level 2.1 Fighting
 + Level 2.5 Dodging
 + Level 4.3 Unarmed Combat
 - Level 2.0 Spellcasting
 - Level 2.0 Transmutations


You had one spell level left.
You knew the following spells:

 Your Spells              Type           Power        Failure   Level  Hunger
a - Beastly Appendage     Tmut           #.....       9%          1    #......
b - Sticks to Snakes      Tmut           #.......     14%         2    ###....
c - Spider Form           Tmut/Pois      #.........   38%         3    ###....

Your spell library contained the following spells:

 Spells                   Type           Power        Failure   Level  Hunger
 Ice Form                 Ice/Tmut       #.......     80%         4    #####..
 Blade Hands              Tmut           #.........   94%         5    ######.


Dungeon Overview and Level Annotations

Branches:
Dungeon (3/15)

Altars:


Innate Abilities, Weirdness & Mutations

You cannot wear most types of armour.
You are very stealthy in the water. (Stealth+)
You are amphibious.
You can wear up to eight rings at the same time.
You can use your tentacles to constrict eight enemies at once.
Your skin changes colour to match your surroundings (Stealth+).
Your rubbery body absorbs attacks. (AC +1, EV +1)
One of your tentacles bears a large vicious spike.


Message History

Unknown command.
Unknown command.
You release your grip on the orc wizard.
The bat hits you.
* * * LOW HITPOINT WARNING * * *
The bat hits you.
* * * LOW HITPOINT WARNING * * *
The orc wizard barely misses you.
You climb upwards.
There is a stone staircase leading down here.
Unknown command.
Unknown command.
Unknown command.
Your transformation is almost over.
The bat hits you.
* * * LOW HITPOINT WARNING * * *
The bat hits you but does no damage.
The orc wizard gestures at you while chanting.
The puff of frost hits you.
You die...

#......# #......##
#.......# ###
#.[.....## ..#
#........# ..#
#......#.# ..#
#......b.#
..######.....#..####
..##...#.......o@..#
####...###########.#
####...# #######.#
...#...# #.......#
##.#...# #.#######
...#...#####.#
##...........#
##....####### #....#


You could see an orc wizard and a bat.

Vanquished Creatures
  5 adders (D:2)
  A dart slug (D:1)
  2 orcs (D:3)
  2 giant cockroaches (D:1)
  3 goblins
  3 hobgoblins
  4 jackals (D:1)
  2 ball pythons (D:1)
  4 bats
  3 frilled lizards (D:1)
  3 kobolds (D:1)
  3 rats
35 creatures vanquished.

Notes
Turn   | Place    | Note
-------+----------+-------------------------------------------
     0 | D:1      | ohad the Octopode Transmuter began the quest for the Orb.
     0 | D:1      | Reached XP level 1. HP: 13/13 MP: 3/3
    46 | D:1      | Reached XP level 2. HP: 6/18 MP: 3/5
   753 | D:1      | Learned a level 2 spell: Sticks to Snakes
   955 | D:1      | Reached XP level 3. HP: 21/23 MP: 6/6
  1235 | D:2      | Learned a level 3 spell: Spider Form
  1371 | D:2      | Reached skill level 4 in Unarmed Combat
  1472 | D:2      | Reached XP level 4. HP: 24/29 MP: 5/7
  1931 | D:2      | HP: 1/29 [bat (1)]
  1931 | D:2      | Killed from afar by an orc wizard

Levels and vault maps discovered:
D:1:      erik_arrival_blinker_ship, layout_basic, minmay_misc_feat_tower
D:2:      layout_basic, first_ration, chequers_serial_rivers_large_a
D:3:      layout_basic, uniq_jessica

Skill      XL: |  1  2  3  4 |
---------------+-------------+-----
Unarmed Combat | 4 |  4.3
Fighting       | 2 |  2.1
Dodging        | |  2.5
Spellcasting   | |  2.0
Transmutations | |  2.0

Action                   |  1- 3 |  4- 6 || total
-------------------------+-------+-------++-------
Melee: Unarmed           |    69 |    13 ||    82
       Constrict         |    18 |     5 ||    23
       Kick              |    12 |     5 ||    17
       Tentacles         |     7 |     1 ||     8
       Punch             |     1 |       ||     1
 Cast: Beastly Appendage |    12 |     2 ||    14
 Stab: Sleeping          |     4 |       ||     4
  Eat: Chunk             |       |     3 ||     3
Armor: Skin              |     6 |     5 ||    11
Dodge: Dodged            |    40 |    12 ||    52

Table legend:
 A = Non-vault XP
 B = Vault XP
 C = Vault XP percentage of total XP
 D = Non-vault monster count
 E = Vault monster count
 F = Vault count percentage of total count
                 A         B        C        D         E       F
            +---------+---------+-------+---------+---------+-------
      Total |     118 |       0 |   0.0 |      35 |       0 |   0.0
            +---------+---------+-------+---------+---------+-------
        D:1 |      36 |       0 |   0.0 |      23 |       0 |   0.0
        D:2 |      76 |       0 |   0.0 |      10 |       0 |   0.0
        D:3 |       6 |       0 |   0.0 |       2 |       0 |   0.0
            +---------+---------+-------+---------+---------+-------
